Map: Kairos Junction LE

Players

Semper - Winner!

  • Race: Terran Terran
  • Spawn Location: 5:00

Dolan

  • Race: Terran Terran
  • League: Master
  • Spawn Location: 11:00

VOD

Have the link to the VOD?

Description

Bio vs Mech (Cuddlebear build originally)

Time

  • Played on: June 5, 2019, 8:28 p.m.
  • Length: 15:37
Show
View Real Time Build Order
Export as new Build Order

Semper Terran - Winner!

Build Orders:  

Get SALT Encoding   

  12  0:00  SCV  
  13  0:12  SCV  
  14  0:17  Supply Depot  
  14  0:25  SCV  
  15  0:28  Refinery  
  15  0:39  SCV  
  16  0:45  Barracks  
  16  0:51  SCV  
  16  0:55  Refinery  
  17  1:03  SCV  
  18  1:15  SCV  
  19  1:31  Orbital Command  
  19  1:32  Reaper  
  20  1:38  Factory  
  20  1:51  Supply Depot  
  20  1:57  SCV  
  21  2:04  Reaper  
  22  2:09  SCV  
  23  2:21  SCV  
  23  2:22  Hellion  
  26  2:35  Command Center  
  26  2:37  SCV  
  26  2:39  Barracks Reactor  
  27  2:44  Factory Tech Lab  
  27  2:49  SCV  
  27  2:50  Supply Depot  
  28  3:01  Starport  
  28  3:06  Siege Tank  
  28  3:12  SCV  
  32  3:15  Marine  
  32  3:16  Marine  
  34  3:24  SCV  
  35  3:36  Marine  
  35  3:37  Viking, Marine  
  39  3:46  SCV  
  39  3:47  Orbital Command  
  40  3:48  Refinery  
  40  3:52  Supply Depot  
  40  3:58  Siege Tank  
  40  4:00  SCV  
  44  4:13  SCV, Starport Tech Lab  
  41  4:20  SCV  
  35  4:25  SCV  
  35  4:28  Marine x2  
  38  4:32  SCV  
  38  4:35  Siege Tank  
  38  4:37  SCV  
  43  4:42  Raven  
  43  4:44  SCV  
  46  4:49  Marine x2, Supply Depot  
  48  4:54  SCV  
  48  4:56  SCV  
  50  5:08  SCV  
  51  5:19  SCV  
  51  5:20  Siege Tank  
  53  5:23  Command Center  
  53  5:25  SCV, Raven  
  53  5:26  Marine x2  
  58  5:31  SCV  
  59  5:37  SCV  
  60  5:43  SCV, Supply Depot  
  60  5:45  Marine x2  
  63  5:52  SCV  
  63  5:54  Siege Tank  
  63  5:55  SCV  
  68  6:01  Refinery  
  68  6:04  SCV  
  68  6:06  Supply Depot  
  68  6:07  SCV  
  70  6:16  SCV, Marine  
  70  6:17  Stimpack  
  70  6:18  Barracks  
  72  6:20  Viking x2  
  72  6:22  Barracks  
  72  6:23  SCV  
  77  6:29  SCV  
  77  6:30  Siege Tank  
  81  6:35  SCV, Marauder  
  81  6:37  Supply Depot  
  84  6:46  SCV  
  83  6:53  Viking x2  
  88  6:57  SCV  
  88  6:58  Orbital Command, SCV  
  89  7:08  Siege Tank  
  91  7:10  SCV  
  92  7:16  SCV  
  92  7:18  Barracks Tech Lab  
  92  7:19  Barracks Reactor  
  92  7:21  Supply Depot x2  
  92  7:22  SCV  
  94  7:25  Orbital Command, Viking x2  
  97  7:30  SCV  
  98  7:38  SCV  
  98  7:42  Marauder x2  
  98  7:43  Combat Shield  
  103  7:45  Refinery x2  
  103  7:48  SCV  
  103  7:51  SCV x2  
  106  7:56  Engineering Bay x2  
  106  8:01  Marine  
  106  8:04  SCV, Marauder  
  110  8:10  SCV x2  
  70  8:12  Viking  
  110  8:13  Viking  
  110  8:17  Supply Depot  
  110  8:18  Supply Depot  
  114  8:20  SCV  
  114  8:22  SCV  
  114  8:25  Marine  
  114  8:26  Marine, Marauder  
  120  8:28  Sensor Tower  
  120  8:29  Siege Tank  
  120  8:33  SCV  
  124  8:37  SCV  
  125  8:42  SCV  
  125  8:44  Supply Depot x2  
  125  8:45  SCV  
  125  8:48  Barracks  
  127  8:49  Viking  
  127  8:50  Barracks  
  127  8:54  Viking  
  131  8:58  Terran Infantry Weapons Level 1, Terran Infantry Armor Level 1  
  131  9:03  Liberator  
  131  9:10  Siege Tank  
  133  9:17  Command Center  
  133  9:18  SCV x2  
  136  9:27  Marine, Marauder  
  138  9:34  Marine, Marauder  
  141  9:39  Barracks Tech Lab  
  141  9:40  Barracks Reactor  
  141  9:42  Supply Depot  
  141  9:43  Supply Depot  
  141  9:45  Marine  
  142  9:46  Viking  
  142  9:49  Marauder  
  146  9:55  Starport, Armory  
  146  9:57  Starport  
  146  10:08  Viking  
  146  10:10  SCV x3  
  151  10:15  Missile Turret, Sensor Tower  
  151  10:18  Missile Turret  
  151  10:21  Marauder  
  151  10:22  Concussive Shells, Marauder  
  151  10:27  Viking  
  156  10:32  Planetary Fortress  
  155  10:36  Refinery x2  
  155  10:40  Viking  
  156  10:43  Starport Reactor x2  
  156  10:51  Terran Ship Weapons Level 1  
  156  10:55  Fusion Core  
  156  10:57  Starport  
  156  11:03  Siege Tank  
  156  11:04  Marine, Marauder x3  
  165  11:12  Viking x2  
  169  11:24  Marine  
  169  11:25  Marauder x2  
  174  11:31  Supply Depot x2  
  174  11:35  Command Center  
  174  11:36  Siege Tank  
  177  11:48  Viking x2  
  177  11:49  Viking x2  
  177  11:51  Viking  
  184  11:54  Starport Tech Lab  
  184  11:56  Viking  
  186  12:07  Terran Infantry Weapons Level 2, Terran Infantry Armor Level 2  
  184  12:16  Marine, Marauder x2  
  184  12:18  Liberator  
  184  12:22  Siege Tank  
  184  12:23  Marine x2  
  184  12:25  Viking  
  184  12:26  Viking  
  177  12:31  Viking  
  177  12:33  Viking  
  182  12:40  Advanced Ballistics, Liberator x2  
  182  12:41  Liberator  
  181  12:53  Marine x2  
  181  12:54  Marauder  
  179  13:02  Viking x2  
  184  13:08  Planetary Fortress  
  184  13:12  SCV x4  
  182  13:20  Liberator  
  182  13:21  Liberator x2  
  182  13:22  Siege Tank  
  182  13:24  SCV  
  186  13:34  Liberator  
  163  13:38  Liberator  
  166  13:44  Marauder  
  166  13:45  Marauder x2  
  172  13:54  Siege Tank  
  172  13:55  Missile Turret, Refinery  
  181  13:56  Refinery  
  181  14:01  Factory  
  181  14:05  Liberator  
  170  14:18  Liberator x2  
  159  14:26  Siege Tank, Marine  
  160  14:40  Marine x2, Marauder x3  
  160  14:45  Factory Tech Lab  
  168  14:46  Marine x2  
  168  14:52  Barracks x2  
  164  14:53  Barracks  
  164  14:58  Siege Tank  
  167  15:01  Marauder x3  
  167  15:05  Marine x2  
  172  15:10  Marine  
Show
View Real Time Build Order
Export as new Build Order

Dolan Terran 

Build Orders: 1/1/1, Liberator Opening, Mech 

Get SALT Encoding   

  12  0:00  SCV  
  13  0:12  SCV  
  14  0:16  Supply Depot  
  14  0:25  SCV  
  14  0:27  Refinery  
  15  0:38  SCV  
  16  0:44  Barracks  
  16  0:50  SCV  
  16  0:54  Refinery  
  17  1:02  SCV  
  18  1:14  SCV  
  19  1:31  Orbital Command, Reaper  
  20  1:36  Factory  
  20  1:48  Supply Depot  
  20  1:56  SCV  
  21  2:03  Reaper  
  22  2:08  SCV  
  23  2:20  SCV, Hellion  
  23  2:21  Starport  
  26  2:33  SCV  
  26  2:35  Supply Depot  
  26  2:36  Reaper  
  28  2:40  Liberator  
  28  2:41  Hellion  
  33  3:02  Supply Depot  
  33  3:03  Hellion  
  35  3:08  Reaper  
  36  3:20  Command Center  
  36  3:26  Hellion  
  38  3:31  SCV  
  39  3:41  Starport Tech Lab, Barracks Reactor  
  39  3:43  SCV  
  40  3:48  Factory Tech Lab  
  40  3:49  Refinery  
  40  3:55  SCV  
  41  4:04  Raven  
  41  4:07  SCV  
  40  4:21  SCV  
  32  4:28  Siege Tank, Marine x2  
  35  4:32  Orbital Command  
  35  4:33  SCV  
  36  4:46  Marine x2  
  36  4:49  Command Center  
  36  4:52  SCV  
  39  4:56  Raven  
  39  4:58  SCV  
  42  5:20  SCV x2  
  43  5:26  Marine x2, Siege Tank  
  48  5:34  SCV x2  
  50  5:47  SCV x2  
  50  5:49  Supply Depot  
  52  5:51  Viking x2  
  56  5:58  Siege Tank  
  56  5:59  SCV  
  56  6:00  SCV  
  56  6:03  Orbital Command  
  61  6:08  Barracks Reactor  
  61  6:10  Factory, Refinery  
  61  6:12  SCV x2  
  63  6:22  Viking x2  
  67  6:26  SCV x2  
  67  6:30  SCV  
  70  6:36  Siege Tank  
  70  6:38  SCV x2  
  75  6:49  Factory  
  75  6:50  SCV x2  
  75  6:51  Orbital Command  
  77  6:58  Supply Depot  
  77  6:59  Viking x2  
  81  7:06  Engineering Bay  
  81  7:11  SCV x2  
  81  7:13  Hellion  
  85  7:20  Siege Tank, Hellion  
  90  7:27  SCV x3  
  93  7:34  Sensor Tower, Refinery  
  93  7:36  Refinery  
  93  7:41  Viking x2, Hellion x2  
  101  7:44  Supply Depot  
  101  7:46  Supply Depot  
  101  8:01  Factory  
  101  8:02  Factory  
  101  8:06  SCV x3  
  101  8:12  Siege Tank x2  
  106  8:18  SCV x3  
  109  8:23  Hellion x2  
  113  8:29  Sensor Tower  
  113  8:39  Viking x2  
  115  8:46  Factory Reactor, Factory Tech Lab  
  115  8:47  Missile Turret  
  115  8:50  SCV x2  
  115  8:55  Supply Depot  
  117  9:00  Supply Depot  
  117  9:05  Supply Depot  
  117  9:17  SCV, Siege Tank, Hellion x2  
  125  9:21  Viking x2  
  125  9:22  Siege Tank, Supply Depot  
  132  9:27  Siege Tank  
  135  9:38  Hellion x2  
  139  9:46  Sensor Tower  
  139  9:48  Hellion x2  
  139  9:51  Viking x2  
  147  9:55  Supply Depot x2  
  147  9:56  SCV x2  
  147  9:58  SCV, Siege Tank x2  
  156  10:02  Armory  
  156  10:05  Armory  
  156  10:17  Hellion x4  
  156  10:19  Supply Depot  
  156  10:21  SCV x2  
  166  10:22  SCV, Supply Depot  
  167  10:28  Infernal Pre-Igniter  
  167  10:36  Siege Tank x2  
  167  10:38  SCV x2  
  167  10:39  SCV  
  176  10:52  Viking x2  
  180  11:02  Command Center  
  180  11:04  Engineering Bay  
  180  11:05  SCV x3  
  180  11:10  Siege Tank  
  186  11:15  Thor  
  183  11:53  Viking  
  180  11:55  Hellion  
  180  12:00  Supply Depot x2  
  181  12:10  Siege Tank, Hellion  
  181  12:12  Hellion  
  181  12:13  Siege Tank x2, Viking  
  181  12:14  Hellion  
  168  12:33  Viking  
  168  12:35  Hellion  
  168  12:36  Hellion x3  
  170  12:43  Viking  
  160  12:58  Thor  
  160  12:59  Thor x2  
  160  13:00  Hellion  
  160  13:01  Hellion x3  
  174  13:08  Terran Vehicle Weapons Level 1, Terran Vehicle And Ship Armor Level 1  
  174  13:23  Smart Servos  
  156  13:35  Hellion x4  
  156  13:41  Thor x3, Planetary Fortress  
  174  13:51  Refinery  
  174  13:54  Viking x2  
  174  13:55  Sensor Tower, Refinery  
  178  13:59  Refinery  
  178  14:16  Hellion x4  
  162  14:24  Siege Tank x3  
  162  14:30  Viking x2  
  159  14:38  Hellion x4  
  161  14:57  Hellion x2  
  157  15:07  Hellion x3  
Tags
 
Composition
Mech
League
Master
Matchup
TvT
Race
Terran
Spawn Locations
Cross Positions
Add a new tag
Caveats
  • Supply blocks, unpowered buildings, or Contaminate may cause inaccurate times.
  • Supply counts are checked every 10 seconds.